 Dungeon Crawl Stone Soup version 0.25-a0-566-g062765be81 (webtiles) character file.

Game seed: 15135048895695046385, levelgen mode: deterministic

2528 Emblim88 the Ruffian (level 9, 0/84 HPs)
             Began as a Troll Transmuter on Feb 27, 2020.
             Was a Priest of Elyvilon.
             Slain by Prince Ribbit (15 damage)
             ... on level 8 of the Dungeon.
             The game lasted 00:13:02 (6000 turns).

Emblim88 the Ruffian (Troll Transmuter)             Turns: 6000, Time: 00:13:03

Health: 0/84       AC:  8    Str: 22    XL:     9   Next: 29%
Magic:  11/11      EV: 10    Int: 10    God:    Elyvilon [***...]
Gold:   398        SH:  3    Dex: 10    Spells: 1/10 levels left

rFire    . . .     SeeInvis .     - Unarmed
rCold    . . .     Gourm    +   (no shield)
rNeg     + . .     Faith    .   A - +2 robe {rN+}
rPois    +         Spirit   .   (helmet restricted)
rElec    .         Reflect  +   (no cloak)
rCorr    .         Harm     .   (gloves unavailable)
MR       .....                  (boots unavailable)
Stlth    +.........             t - +3 amulet of reflection
HPRegen  0.64/turn              z - ring of poison resistance
MPRegen  0.12/turn              (no ring)

@: lethally poisoned (0 -> 0), berserk cooldown, slowed, lightly drained, very
slow
A: large, unfitting armour, claws 3, fast metabolism 3, gourmand, regeneration
1, shaggy fur 1, tough skin 3
a: Lesser Healing, Heal Other, Purification, Divine Protection, Renounce
Religion


You were on level 8 of the Dungeon.
You worshipped Elyvilon.
Elyvilon was most pleased with you.
You were hungry.

You visited 1 branch of the dungeon, and saw 8 of its levels.

You collected 398 gold pieces.

Inventory:

Missiles
 a - 122 arrows
 h - 365 stones
 s - a large rock (quivered)
 u - 35 poisoned darts
 x - 4 boomerangs
 E - 4 javelins
Armour
 A - a +2 robe of positive energy (worn)
Jewellery
 t - a +3 amulet of reflection (around neck)
 z - a ring of poison resistance (left claw)
 H - an uncursed amulet of guardian spirit {unknown}
Wands
 b - a wand of enslavement (9)
 n - a wand of iceblast (9)
 o - a wand of acid (9)
Scrolls
 g - 3 scrolls of identify {unknown}
 k - 2 scrolls of fog
 p - a scroll of immolation {unknown}
 r - 3 scrolls of teleportation {unknown}
 v - a scroll of noise {unknown}
 w - 7 scrolls of fear {unknown}
 y - a scroll of remove curse
 B - a scroll of amnesia {unknown}
 C - a scroll of magic mapping {unknown}
 D - a scroll of enchant weapon {unknown}
Potions
 c - a potion of ambrosia
 e - a potion of heal wounds {unknown}
 f - a potion of berserk rage
 i - 3 potions of curing {unknown}
 j - 2 potions of brilliance {unknown}
 l - a potion of stabbing {unknown}
 m - a potion of flight {unknown}
 q - 2 potions of resistance {unknown}
 F - a potion of magic {unknown}
 G - a potion of might {unknown}
Comestibles
 d - 19 rations
 I - 11 chunks of flesh


   Skills:
 + Level 4.0(3.8) Fighting
 - Level 3.0(2.8) Throwing
 - Level 1.5(1.4) Dodging
 + Level 5.6(5.4) Unarmed Combat
 - Level 1.2(1.1) Spellcasting
 + Level 1.0(0.9) Charms
 * Level 5.4(5.3) Transmutations
 + Level 4.9(4.8) Invocations
 - Level 2.7(2.6) Evocations


You had one spell level left.
You knew the following spells:

 Your Spells              Type           Power        Failure   Level  Hunger
a - Beastly Appendage     Tmut           ##....       3%          1    ##.....
b - Blade Hands           Tmut           ##........   71%         5    ######.
c - Infusion              Chrm           #...         24%         1    ##.....
d - Song of Slaying       Chrm           #.......     34%         2    ###....

Your spell library contained the following spells:

 Spells                   Type           Power        Failure   Level  Hunger
 Sticks to Snakes         Tmut           ##......     6%          2    ###....
 Spider Form              Tmut/Pois      #.........   34%         3    ####...
 Shroud of Golubria       Chrm/Tloc      #.....       41%         2    ###....
 Ozocubu's Armour         Chrm/Ice       #.......     65%         3    ####...
 Spectral Weapon          Hex/Chrm       #.......     65%         3    ####...
 Ice Form                 Ice/Tmut       #.......     75%         4    #####..


Dungeon Overview and Level Annotations

Branches:
Dungeon (8/15)             Temple (0/1) D:6
   Lair: D:8-11

Altars:
Ashenzari
Elyvilon
Fedhas
Gozag
Hepliaklqana
Kikubaaqudgha
Makhleb
Nemelex Xobeh
Qazlal
Ru
Sif Muna
Trog
Yredelemnul

Shops:
D:6 (

Annotations:
D:8 Prince Ribbit


Innate Abilities, Weirdness & Mutations

You are too large for most types of armour.
You have claws for hands.
Your metabolism is lightning-fast.
You like to eat raw meat.
Your natural rate of healing is unusually fast.
You are covered in fur. (AC +1)
You have extremely tough skin. (AC +3)


Message History

Throwing (i - inventory. (/) - cycle)
s - 3 large rocks
Press: ? - help, Shift-Dir - straight line, f - Prince Ribbit
Aim: Prince Ribbit You throw a large rock.
The large rock closely misses Prince Ribbit.
You hear a bellow! x2
Throwing (i - inventory. (/) - cycle)
s - 2 large rocks (quivered)
Press: ? - help, Shift-Dir - straight line, f/p - Prince Ribbit
Aim: Prince Ribbit You throw a large rock.
The large rock misses Prince Ribbit.
You feel sick.
Prince Ribbit hits you. x2; Prince Ribbit hits you!
* * * LOW HITPOINT WARNING * * *
Prince Ribbit hits you but does no damage.
You barely miss Prince Ribbit. Prince Ribbit hits you!
* * * LOW HITPOINT WARNING * * *
Prince Ribbit closely misses you.
You claw Prince Ribbit!
Prince Ribbit is moderately wounded.
You feel sick. Prince Ribbit closely misses you. Prince Ribbit hits you!
You die...

#.# ###...#.#
#.########.......#
#.##....÷÷.......##
#.##.##.##.....#..##
........)##....#...###..
.......)...>...#........
............##....#.....
.........####....###.<..
.........# ##..@# ....
..#'''#.... #..†F# ...
.## ##............ .. .#
#....$......... .#
#..........(...
...............
...............
................


You could see Prince Ribbit.

Vanquished Creatures
  Grinder (D:6)
  A hippogriff (D:7)
  Edmund (D:6)
  2 sky beasts
  An ogre (D:6)
  A phantom (D:6)
  3 bullfrogs
  Blork the orc (D:6)
  2 scorpions
  5 wights (D:7)
  3 howler monkeys (D:8)
  2 crimson imps
  A bullfrog zombie (D:8)
  2 jellies
  5 hounds
  An orc priest (D:6)
  2 bullfrog skeletons
  4 iguanas
  An orc wizard (D:3)
  7 worker ants
  2 hell rats (D:8)
  11 adders
  3 gnolls (D:8)
  2 howler monkey skeletons
  A river rat (D:8)
  2 shadow imps
  An ooze (D:4)
  4 worms
  2 dart slugs
  7 leopard geckos
  6 orcs
  3 ball pythons
  8 bats
  2 giant cockroaches
  6 goblins
  6 hobgoblins
  6 jackals
  4 quokkas
  7 frilled lizards
  9 kobolds
  A quokka skeleton (D:7)
  8 rats
147 creatures vanquished.

Vanquished Creatures (others)
  A porcupine (D:8)
1 creature vanquished.

Grand Total: 148 creatures vanquished

Notes
Turn   | Place    | Note
-------+----------+-------------------------------------------
     0 | D:1      | Emblim88 the Troll Transmuter began the quest for the Orb.
     0 | D:1      | Reached XP level 1. HP: 18/18 MP: 1/1
    91 | D:1      | Reached skill level 1 in Fighting
   169 | D:1      | Reached XP level 2. HP: 27/27 MP: 2/2
   542 | D:2      | Reached XP level 3. HP: 24/33 MP: 3/3
   656 | D:2      | Found a sacrificial altar of Ru.
   774 | D:2      | Found an opulent altar of Gozag.
   849 | D:2      | Found a shattered altar of Ashenzari.
  1072 | D:2      | Found a hazy altar of Hepliaklqana.
  1200 | D:3      | Reached XP level 4. HP: 37/41 MP: 4/4
  1637 | D:3      | Reached XP level 5. HP: 47/49 MP: 5/5
  1687 | D:3      | Found a sparkling altar of Nemelex Xobeh.
  1786 | D:3      | Found a white marble altar of Elyvilon.
  1794 | D:3      | Became a worshipper of Elyvilon the Healer
  1894 | D:3      | Found a shimmering blue altar of Sif Muna.
  1978 | D:3      | Found a faded altar of an unknown god.
  2168 | D:4      | Reached skill level 1 in Invocations
  2168 | D:4      | Reached skill level 1 in Evocations
  2298 | D:4      | Reached XP level 6. HP: 50/57 MP: 6/6
  2583 | D:4      | Reached skill level 1 in Throwing
  2785 | D:4      | Learned a level 5 spell: Blade Hands
  2787 | D:5      | Entered Level 5 of the Dungeon
  2830 | D:5      | Noticed a sky beast
  2842 | D:5      | Killed a sky beast
  2842 | D:5      | Reached XP level 7. HP: 51/66 MP: 7/7
  2869 | D:5      | Reached * piety under Elyvilon
  2881 | D:5      | Found a stormy altar of Qazlal.
  3643 | D:6      | Noticed Grinder
  3647 | D:6      | Killed Grinder
  3728 | D:6      | Reached XP level 8. HP: 57/75 MP: 9/9
  3750 | D:6      | Noticed Blork the orc
  3752 | D:6      | Killed Blork the orc
  3822 | D:6      | Noticed Edmund
  3836 | D:6      | Killed Edmund
  4111 | D:6      | Reached ** piety under Elyvilon
  4226 | D:6      | Found Yxowk's Antique Weapon Boutique.
  4239 | D:6      | Reached skill level 5 in Unarmed Combat
  4245 | D:6      | Found a staircase to the Ecumenical Temple.
  4653 | D:6      | Found a blossoming altar of Fedhas.
  4655 | D:6      | Found an ancient bone altar of Kikubaaqudgha.
  5047 | D:7      | Found a bloodstained altar of Trog.
  5061 | D:7      | Noticed a hippogriff
  5066 | D:7      | Killed a hippogriff
  5384 | D:7      | Reached *** piety under Elyvilon
  5400 | D:7      | Learned a level 1 spell: Infusion
  5403 | D:7      | Learned a level 2 spell: Song of Slaying
  5438 | D:7      | Reached skill level 5 in Transmutations
  5438 | D:7      | Reached XP level 9. HP: 78/83 MP: 9/11
  5657 | D:7      | Found a basalt altar of Yredelemnul.
  5657 | D:7      | Found a shimmering blue altar of Sif Muna.
  5657 | D:7      | Found a burning altar of Makhleb.
  5989 | D:8      | Reached skill level 1 in Charms
  5995 | D:8      | Noticed Prince Ribbit
  6000 | D:8      | Slain by Prince Ribbit

Levels and vault maps discovered:
D:1:      minmay_arrival_five_plusses, layout_rooms
D:2:      layout_basic, lemuel_coloured_pillars_altar, lemuel_crystal_altar,
          lemuel_round_altar, nicolae_gozag_cash_rules_everything_around_me
D:3:      kennysheep_six_static_rooms, layout_loops_ring, marbit_many_paths,
          overflow_temple_1_default, first_ration,
          chequers_ecumenical_altar_simple, tgw_sif
D:4:      layout_loops_ring
D:5:      layout_basic, grunt_qazlal_sundering
D:6:      layout_layer_cave, grunt_temple_overflow_growth_and_decay,
          minmay_temple_entry_butterflies, serial_shops, kennysheep_mini_moat,
          serial_glass, glass_columns_a, glass_columns_a, uniq_grinder,
          uniq_blork_the_orc, uniq_edmund
D:7:      layout_basic, chequers_temple_overflow_statue_of_worship, basic_altar
D:8:      layout_cave_pools, zin_academy, fiery_altar_vehumet,
          dpeg_lair_monsters, serial_shops, shop_statue, serial_gnoll_camp,
          gnoll_camp_mini_hut, gnoll_camp_mini_hut, gnoll_camp_mini_loothouse,
          gnoll_camp_mini_doghouse, uniq_prince_ribbit1

Skill      XL: |  1  2  3  4  5  6  7  8  9 |
---------------+----------------------------+-----
Fighting       | 1 2 3 4 |  4.0
Transmutations | 2 3 4 5 |  5.4
Invocations    | 1 2 3 4 |  4.9
Evocations     | 1 2 |  2.7
Unarmed Combat | 4 5 |  5.6
Throwing       | 1 2 3 |  3.0
Charms         | 1 |  1.0
Dodging        | |  1.5
Spellcasting   | |  1.2

Action                   |  1- 3 |  4- 6 |  7- 9 || total
-------------------------+-------+-------+-------++-------
Melee: Unarmed           |   121 |   111 |   241 ||   473
       Punch             |     1 |       |     5 ||     6
       Kick              |       |       |     3 ||     3
Throw: Stone             |       |     9 |     1 ||    10
       Large rock        |       |     2 |    25 ||    27
       Boomerang         |       |       |    17 ||    17
 Cast: Beastly Appendage |       |       |     3 ||     3
  Use: Scroll            |       |     2 |       ||     2
       Potion            |       |       |     2 ||     2
 Stab: Sleeping          |       |     2 |       ||     2
  Eat: Chunk             |    17 |    14 |    14 ||    45
       Ration            |       |       |     2 ||     2
Armor: Robe              |    42 |    25 |    69 ||   136
Dodge: Dodged            |    78 |    40 |   136 ||   254
Block: Other             |       |     7 |    26 ||    33
       Reflection        |       |       |     1 ||     1

Table legend:
 A = Non-vault XP
 B = Vault XP
 C = Vault XP percentage of total XP
 D = Non-vault monster count
 E = Vault monster count
 F = Vault count percentage of total count
                 A         B        C        D         E       F
            +---------+---------+-------+---------+---------+-------
      Total |    2740 |     872 |  24.1 |     123 |      24 |  16.3
            +---------+---------+-------+---------+---------+-------
        D:1 |      33 |       0 |   0.0 |      20 |       0 |   0.0
        D:2 |      55 |       0 |   0.0 |      24 |       0 |   0.0
        D:3 |      78 |      69 |  46.9 |      15 |       7 |  31.8
        D:4 |     342 |       0 |   0.0 |      14 |       0 |   0.0
        D:5 |     416 |       0 |   0.0 |      12 |       0 |   0.0
        D:6 |     590 |     542 |  47.9 |      16 |       3 |  15.8
        D:7 |     870 |       0 |   0.0 |      15 |       0 |   0.0
        D:8 |     356 |     261 |  42.3 |       7 |      14 |  66.7
            +---------+---------+-------+---------+---------+-------
